 Dungeon Crawl Stone Soup version 0.19.5 (webtiles) character file.

2851 Iskender the Basher (level 9, -18/80 HPs)
             Began as an Ogre Hunter on May 10, 2017.
             Hit by a large rock thrown by a cyclops (33 damage)
             ... on level 9 of the Dungeon.
             The game lasted 00:46:55 (8846 turns).

Iskender the Basher (Ogre Hunter)                   Turns: 8846, Time: 00:46:57

Health: -18/80     AC:  3    Str: 19    XL:     9   Next: 74%
Magic:  9/9        EV: 11    Int: 15    God:
Gold:   529        SH:  2    Dex: 13    Spells: 0 memorised, 8 levels left

rFire  . . .     SeeInvis +     b - +3 hunting sling of Fuedd {speed, rC+ Int+5}
rCold  + . .     Gourm    .     F - +0 robe
rNeg   . . .     Faith    .     (no shield)
rPois  .         Spirit   .     (helmet restricted)
rElec  .         Reflect  +     (no cloak)
rCorr  +         Harm     .     (gloves unavailable)
MR     .....                    (boots unavailable)
Stlth  +.........               E - +2 amulet of reflection
                                I - ring of resist corrosion
                                u - ring of see invisible

@: about to teleport
A: unfitting armour, tough skin 1
a: no special abilities


You were on level 9 of the Dungeon.
You were not hungry.

You visited 2 branches of the dungeon, and saw 10 of its levels.

You collected 529 gold pieces.

Inventory:

Hand Weapons
 a - a +0 morningstar
 b - the +3 hunting sling of Fuedd (weapon) {speed, rC+ Int+5}
   (You found it on level 6 of the Dungeon)

   Attacks with this weapon are significantly faster.
   It affects your intelligence (+5).
   It protects you from cold.
 c - a +2 trident of protection
 d - a +0 mace
 p - a +0 flail
 v - a +0 dagger of venom
 B - a +2 vampiric hand axe
 C - a +0 rapier of speed
Missiles
 h - 69 stones
 n - 90 sling bullets
 s - a large rock (quivered)
 x - 17 poisoned needles
 J - 6 tomahawks
Armour
 F - a +0 robe (worn)
Jewellery
 o - an uncursed ring of magical power
 u - a ring of see invisible (left hand)
 E - a +2 amulet of reflection (around neck)
 I - a ring of resist corrosion (right hand)
Scrolls
 j - a scroll of identify
 m - 3 scrolls of recharging
 y - 2 scrolls of enchant armour
 A - a scroll of immolation {unknown}
 D - 4 scrolls of remove curse
 M - a scroll of vulnerability
Potions
 e - a potion of might
 g - a potion of berserk rage {unknown}
 i - 3 potions of flight
 k - 3 potions of agility
 l - 3 potions of curing
 t - a potion of beneficial mutation {unknown}
 z - a potion of brilliance
 G - a potion of cure mutation {unknown}
 H - a potion of magic
 K - 2 potions of heal wounds
 L - a potion of lignification {unknown}
Comestibles
 f - 6 bread rations
 r - 8 meat rations
 w - a beef jerky


   Skills:
 - Level 2.6 Fighting
 + Level 13.7 Maces & Flails
 - Level 7.0 Throwing
 - Level 4.0 Dodging
 - Level 0.6 Stealth


You had 8 spell levels left.
You didn't know any spells.

Dungeon Overview and Level Annotations

Branches:
Dungeon (9/15)             Temple (1/1) D:6
   Lair: D:8-11         Orc: D:9-12

Altars:
Ashenzari
Cheibriados
Dithmenos
Elyvilon
Fedhas
Gozag
Kikubaaqudgha
Makhleb
Nemelex Xobeh
Okawaru
Qazlal
Ru
Sif Muna
Trog
Uskayaw
Vehumet
Xom
Yredelemnul
Zin
The Shining One

Shops:
D:4 (   D:5 *   D:8 :

Annotations:
D:2 Sigmund, Terence
D:8 Maurice


Innate Abilities, Weirdness & Mutations

You are too large for most types of armour.
You have tough skin. (AC +1)


Message History

Throwing (i - inventory. (,) - cycle):
s - 2 large rocks (quivered)
Press: ? - help, Shift-Dir - straight line, f/p - cyclops
Aim: a cyclops (severely wounded)
You throw a large rock.
The large rock hits the cyclops but does no damage.
The cyclops is severely wounded.
The cyclops throws a large rock.
You reflect the large rock off an invisible shield around you!
The large rock completely misses the cyclops.
As you read the scroll of teleportation, it crumbles to dust.
You feel strangely unstable. The ice beast hits you. The ice beast freezes you.
You resist. The iguana bites you!
* * * LOW HITPOINT WARNING * * *
The ice beast hits you.
* * * LOW HITPOINT WARNING * * *
The ice beast freezes you. You resist.
* * * LOW HITPOINT WARNING * * *
The cyclops throws a large rock.
The large rock hits you!!
You die...

.# ##...(...
..# ##........
...###....(....
....#.....C....
...............
...............
...............
#...Y@l......
#############


You could see a cyclops, an ice beast and an iguana.

Vanquished Creatures
  Grinder (D:4)
  2 hungry ghosts (D:8)
  2 orc warriors
  2 ogres
  2 black bears (D:8)
  An ice beast (D:8)
  A sky beast (D:7)
  2 bullfrogs (D:6)
  3 gnoll sergeants
  3 scorpions
  3 howler monkeys
  A bullfrog zombie (D:7)
  3 crimson imps
  4 orc priests (D:5)
  4 hounds
  4 jellies
  2 bullfrog skeletons (D:5)
  Ijyb (D:2)
  An iguana (D:3)
  3 worker ants
  2 hound zombies
  2 hound skeletons
  15 gnolls
  7 adders
  3 shadow imps
  An ooze (D:2)
  An adder zombie (D:5)
  2 adder skeletons (D:4)
  3 worms
  2 dart slugs
  4 leopard geckos
  32 orcs
  5 bats
  5 giant cockroaches
  4 hobgoblins
  7 jackals
  12 kobolds
  4 quokkas
  A ball python (D:1)
  5 frilled lizards
  4 goblins
  A leopard gecko zombie (D:8)
  4 rats
171 creatures vanquished.

Notes
Turn   | Place    | Note
-------+----------+-------------------------------------------
     0 | D:1      | Iskender the Ogre Hunter began the quest for the Orb.
     0 | D:1      | Reached XP level 1. HP: 22/22 MP: 1/1
    91 | D:1      | You fall through a shaft!
   325 | D:1      | Reached XP level 2. HP: 29/29 MP: 2/2
   573 | D:1      | Reached skill level 1 in Maces & Flails
   860 | D:2      | Reached skill level 2 in Maces & Flails
   871 | D:2      | Noticed Ijyb
   905 | D:2      | Reached XP level 3. HP: 18/36 MP: 3/3
  1215 | D:2      | Noticed Sigmund
  1234 | D:2      | Found a faded altar of an unknown god.
  1239 | D:2      | Reached skill level 3 in Maces & Flails
  1390 | D:2      | Killed Ijyb
  1390 | D:2      | Reached skill level 4 in Maces & Flails
  1390 | D:2      | Reached XP level 4. HP: 22/44 MP: 4/4
  1429 | D:2      | HP: 2/44 [poisoned by Ijyb]
  1809 | D:2      | Noticed Terence
  2317 | D:3      | Reached skill level 5 in Maces & Flails
  2407 | D:3      | Reached XP level 5. HP: 20/50 MP: 5/5
  3208 | D:3      | Reached skill level 6 in Maces & Flails
  3523 | D:4      | Found Ysocw's Antique Weapon Emporium.
  3612 | D:4      | Noticed Grinder
  3631 | D:4      | Killed Grinder
  3631 | D:4      | Reached skill level 8 in Maces & Flails
  3631 | D:4      | Reached XP level 6. HP: 55/59 MP: 6/6
  3733 | D:5      | Entered Level 5 of the Dungeon
  3909 | D:4      | Reached XP level 7. HP: 66/66 MP: 7/7
  4125 | D:4      | Reached skill level 9 in Maces & Flails
  4142 | D:4      | Found a snail-covered altar of Cheibriados.
  4482 | D:5      | Reached skill level 5 in Throwing
  4992 | D:5      | Found a faded altar of an unknown god.
  4992 | D:5      | Found a sparkling altar of Nemelex Xobeh.
  4999 | D:5      | Found a faded altar of an unknown god.
  5001 | D:5      | Found a faded altar of an unknown god.
  5002 | D:5      | Found a faded altar of an unknown god.
  5190 | D:5      | Reached skill level 10 in Maces & Flails
  5190 | D:5      | Reached XP level 8. HP: 71/74 MP: 8/8
  5474 | D:5      | Found an opulent altar of Gozag.
  5476 | D:5      | Found Gozag's Platinum Reserve.
  5537 | D:6      | Found a shattered altar of Ashenzari.
  5671 | D:6      | Got a slimy hunting sling
  5673 | D:6      | Identified the +3 hunting sling of Fuedd {speed, rC+ Int+5} (You found it on level 6 of the Dungeon)
  6364 | D:6      | Found a stormy altar of Qazlal.
  6364 | D:6      | Found a burning altar of Makhleb.
  6366 | D:6      | Found a white marble altar of Elyvilon.
  6366 | D:6      | Found a deep blue altar of Sif Muna.
  6367 | D:6      | Found a blossoming altar of Fedhas.
  6368 | D:6      | Found an opulent altar of Gozag.
  6478 | D:6      | Reached skill level 11 in Maces & Flails
  6715 | D:6      | Found a staircase to the Ecumenical Temple.
  6725 | Temple   | Entered the Ecumenical Temple
  7352 | D:7      | Reached skill level 12 in Maces & Flails
  7352 | D:7      | Reached XP level 9. HP: 80/80 MP: 9/9
  8380 | D:8      | Reached skill level 13 in Maces & Flails
  8691 | D:8      | Found Jaopud's Book Shop.
  8703 | D:8      | Found a bloodstained altar of Trog.
  8816 | D:8      | Noticed Maurice
  8840 | D:9      | Noticed a cyclops
  8846 | D:9      | Hit by a large rock thrown by a cyclops

Skill      XL: |  1  2  3  4  5  6  7  8  9 |
---------------+----------------------------+-----
Maces & Flails | 2 4 5 8 10 12 13 | 13.7
Throwing       | 5 7 |  7.0
Dodging        | 4 |  4.0
Fighting       | |  2.6
Stealth        | |  0.6

Action                   |  1- 3 |  4- 6 |  7- 9 || total
-------------------------+-------+-------+-------++-------
Melee: Short sword       |    23 |       |       ||    23
       Mace              |    74 |   142 |       ||   216
       Morningstar       |       |     4 |   106 ||   110
       Flail             |       |       |   214 ||   214
 Fire: Hunting sling     |       |       |    66 ||    66
Throw: Stone             |     2 |    35 |    15 ||    52
       Large rock        |     4 |    11 |    26 ||    41
       Throwing net      |     1 |     1 |       ||     2
       Tomahawk          |       |    22 |    39 ||    61
  Use: Scroll            |       |    11 |     3 ||    14
       Potion            |       |     1 |     2 ||     3
 Stab: Held in net/web   |       |     2 |       ||     2
       Sleeping          |       |     1 |     2 ||     3
  Eat: Chunk             |     1 |     7 |    12 ||    20
       Fruit             |       |     3 |     5 ||     8
Armor: Robe              |    28 |    28 |    44 ||   100
Dodge: Dodged            |    44 |    69 |   112 ||   225
Block: Other             |       |       |    14 ||    14
       Reflection        |       |       |     1 ||     1
